AoeStats
← YeomanStew4412

Arabia

509758072Analyzed
1v1 RM · 6d ago on Sep 27, 2026· 71m 18s· 2 players
Game mode
Random Map
Map size
Tiny (2 player)
Population
200
Speed
Normal
Resources
Standard
Victory
Conquest
Starting age
Dark Age
Ending age
Imperial Age
RankedLock teamsTeams togetherTeam positionsShared explorationLock speedFull tech treeHidden civsTurbo modeCheats
Victory
Defeat
🇨🇴 Malay · Colombia
638
+16
🇰🇿 Cumans · Kazakhstan
646
-16
YeomanStew4412
0:50 Loom
13:16 Feudal Age
15:29 Double-Bit Axe
18:29 Fletching
23:36 Padded Archer Armor
30:36 Castle Age
29:15 Horse Collar
31:30 Heavy Plow
31:57 Forging
34:24 Squires
34:57 Stone Mining
35:54 Gold Mining
36:12 Scale Barding Armor
38:08 Wheelbarrow
38:16 Bow Saw
40:18 Gold Shaft Mining
41:14 Iron Casting
43:34 Hand Cart
43:26 Bodkin Arrow
44:52 Pikeman
45:48 Town Watch
51:58 Imperial Age
50:24 Leather Archer Armor
51:38 Sanctity
52:31 Capped Ram
54:01 Crop Rotation
53:41 Town Patrol
53:05 Halberdier
55:08 Blast Furnace
55:23 Chemistry
54:53 Ballistics
55:48 Murder Holes
56:00 Siege Engineers
56:06 Masonry
55:48 Heated Shot
56:10 Forced Levy
56:52 Bracer
57:23 Ring Archer Armor
56:45 Elite Karambit Warrior
58:47 Conscription
59:33 Bombard Tower
58:54 Treadmill Crane
60:03 Sappers
61:12 Stone Shaft Mining
zeng1974
2:04 Loom
4:09 Loom
10:41 Feudal Age
20:30 Double-Bit Axe
28:08 Horse Collar
30:11 Scale Barding Armor
32:49 Castle Age
32:06 Fletching
34:51 Chain Barding Armor
39:07 Wheelbarrow
39:15 Wheelbarrow
38:45 Stone Mining
39:22 Bloodlines
39:34 Forging
43:24 Heavy Plow
43:36 Bow Saw
48:14 Light Cavalry
49:41 Gold Mining
54:08 Imperial Age
52:19 Hand Cart
56:27 Two-Man Saw
56:13 Bodkin Arrow
56:46 Cuman Mercenaries
59:48 Plate Barding Armor
58:46 Cavalier
61:38 Iron Casting
61:29 Ballistics
66:07 Elite Steppe Lancer
Connection lost

Rejoining the realm…

Still unreachable

The connection could not be restored.

Session expired

The server has moved on; the page needs a fresh start.